 Dungeon Crawl Stone Soup version 0.25.1-9-gc5326a611f (webtiles) character file.

Game seed: 17516294522425058401

4910 funkygono the Thrower (level 10, 0/89 HPs)
             Began as a Troll Hunter on Dec 29, 2020.
             Was an Elder of Okawaru.
             Slain by a komodo dragon (3 damage)
             ... while petrified by a basilisk
             ... on level 1 of the Lair of Beasts.
             The game lasted 00:20:16 (7469 turns).

funkygono the Thrower (Troll Hunter)                Turns: 7469, Time: 00:20:16

Health: 0/89       AC:  7    Str: 24    XL:     10   Next: 27%
Magic:  7/9        EV:  1    Int: 13    God:    Okawaru [****..]
Gold:   290        SH:  0    Dex: 11    Spells: 9/9 levels left

rFire    . . .     SeeInvis .     - Unarmed
rCold    + . .     Gourm    +   u - +2 kite shield
rNeg     + + +     Faith    .   v - +1 robe {rC+}
rPois    ∞         Spirit   .   (helmet restricted)
rElec    .         Reflect  .   (no cloak)
rCorr    .         Harm     .   (gloves unavailable)
MR       .....                  (boots unavailable)
Stlth    +++.......             (no amulet)
HPRegen  0.64/turn              j - +6 ring of intelligence
MPRegen  0.11/turn              x - ring of positive energy

@: petrified, heroism, marked
A: large, unfitting armour, claws 3, fast metabolism 3, gourmand, regeneration
1, shaggy fur 1, tough skin 3
a: Heroism, Renounce Religion


You were on level 1 of the Lair of Beasts.
You worshipped Okawaru.
Okawaru was greatly pleased with you.
You were near starving.

You visited 2 branches of the dungeon, and saw 9 of its levels.

You collected 462 gold pieces.
You spent 172 gold pieces at shops.

Inventory:

Hand Weapons
 k - a +3 whip of electrocution
Missiles
 c - a large rock
 d - 3 throwing nets
 e - 249 stones
 t - 15 boomerangs (quivered)
 E - 5 silver boomerangs
Armour
 b - a +1 robe
 u - a +2 kite shield (worn)
 v - a +1 robe of cold resistance (worn)
Jewellery
 j - a +6 ring of intelligence (left claw)
 x - a ring of positive energy (right claw)
 B - an uncursed ring of wizardry
Wands
 o - a wand of polymorph (30)
 w - a wand of enslavement (11)
 H - a wand of acid (9)
Scrolls
 g - 6 scrolls of teleportation
 n - 4 scrolls of fear
 y - a scroll of amnesia
 A - 2 scrolls of remove curse
Potions
 h - a potion of flight
 i - a potion of lignification
 m - a potion of haste
 p - a potion of might
 q - 5 potions of curing
 r - 4 potions of stabbing
 s - a potion of brilliance
 z - 2 potions of heal wounds
 C - 2 potions of resistance
 D - a potion of degeneration {unknown}
 G - a potion of ambrosia {unknown}
Comestibles
 f - 15 rations


   Skills:
 + Level 2.8(7.8) Fighting
 + Level 9.5(14.5) Throwing
 + Level 4.9(9.9) Dodging
 - Level 0.3(5.3) Stealth
 + Level 2.6(7.6) Shields
 + Level 9.3(14.3) Unarmed Combat
 + Level 0.2 Invocations


You had 9 spell levels left.
You didn't know any spells.
Your spell library contained the following spells:

 Spells                   Type           Power        Failure   Level  Hunger
 Magic Dart               Conj           #...         38%         1    ##.....
 Shock                    Conj/Air       #...         38%         1    ##.....
 Blink                    Tloc           N/A          52%         2    ###....
 Call Imp                 Summ           #.......     52%         2    ###....
 Slow                     Hex            #.......     52%         2    ###....
 Swiftness                Chrm/Air       #.......     52%         2    ###....
 Conjure Flame            Conj/Fire      #.......     77%         3    ####...
 Mephitic Cloud           Conj/Pois/Air  #.......     77%         3    ####...
 Static Discharge         Conj/Air       #.......     77%         3    ####...
 Airstrike                Air            #.........   99%         4    #####..
 Lightning Bolt           Conj/Air       #.........   100%        5    ######.


Dungeon Overview and Level Annotations

Branches:
Dungeon (8/15)             Temple (0/1) D:7            Lair (1/6) D:8

Altars:
Cheibriados
Dithmenos
Elyvilon
Gozag
Hepliaklqana
Kikubaaqudgha
Nemelex Xobeh
Okawaru
Qazlal
Sif Muna
Uskayaw
Vehumet
Wu Jian
The Shining One

Shops:
D:5 [   D:6 %   D:7 *


Innate Abilities, Weirdness & Mutations

You are too large for most types of armour.
You have claws for hands.
Your metabolism is lightning-fast.
You like to eat raw meat.
Your natural rate of healing is unusually fast.
You are covered in fur. (AC +1)
You have extremely tough skin. (AC +3)


Message History

You are near starving!
The porcupine barely misses you.
Your limbs are stiffening.
You claw the porcupine!
The porcupine is heavily wounded.
The porcupine bites you but does no damage.
The komodo dragon bites you.
You have turned to stone.
The porcupine bites you but does no damage.
A water moccasin comes into view.
The komodo dragon bites you!
* * * LOW HITPOINT WARNING * * *
A porcupine comes into view.
The porcupine bites you.
* * * LOW HITPOINT WARNING * * *
The basilisk bites you. The komodo dragon bites you!!
* * * LOW HITPOINT WARNING * * *
The porcupine bites you!
* * * LOW HITPOINT WARNING * * *
The basilisk bites you but does no damage.
The komodo dragon bites you.
You die...

# ### .P.P≈≈≈≈♣ ..#
♣(r.♣≈♣.≈ .## ♣S...♣≈P.
.## #(.P..P.. ..#
.(....... P.## #........
#..###### ##r.......
#.......#######$@.......
..##.........###ll....?.
.##......#.....S##......
. #......##.#P..# #.....
. #.....######.## #....
# #....## #.# #...
##.#..# ..# #!. ######
...# .# ...#


You could see a komodo dragon, a black mamba, a basilisk, a water moccasin and 2
porcupines.

Vanquished Creatures
  Gastronok (Lair:1)
  Pikel (D:7)
  Prince Ribbit (D:5)
  A basilisk (Lair:1)
  A porcupine (Lair:1)
  2 orc warriors (D:6)
  A phantom (D:4)
  3 sky beasts
  An ice beast (D:7)
  2 ogres
  4 centaurs
  4 bullfrogs
  A howler monkey (D:6)
  4 crimson imps
  2 orc priests (D:3)
  A centaur zombie (D:6)
  A jelly (D:8)
  2 bullfrog skeletons
  8 hounds
  Jessica (D:2)
  5 orc wizards
  Robin (D:2)
  3 gnolls (D:3)
  11 adders
  A shadow imp (D:6)
  An adder zombie (D:8)
  4 worms
  5 dart slugs
  4 leopard geckos
  34 orcs
  A ball python (D:2)
  4 giant cockroaches
  16 goblins
  5 hobgoblins
  2 jackals (D:1)
  7 kobolds
  5 quokkas
  10 bats
  10 frilled lizards
  2 jackal skeletons
  A leopard gecko skeleton (D:4)
  A leopard gecko zombie (D:5)
  10 rats
185 creatures vanquished.

Vanquished Creatures (others)
  A plant (Lair:1)
1 creature vanquished.

Grand Total: 186 creatures vanquished

Notes
Turn   | Place    | Note
-------+----------+-------------------------------------------
     0 | D:1      | funkygono the Troll Hunter began the quest for the Orb.
     0 | D:1      | Reached XP level 1. HP: 19/19 MP: 0/0
    74 | D:1      | Found a sparkling altar of Nemelex Xobeh.
   137 | D:1      | Reached XP level 2. HP: 27/27 MP: 1/1
   724 | D:2      | Reached XP level 3. HP: 29/35 MP: 2/2
   730 | D:2      | Reached skill level 1 in Unarmed Combat
   789 | D:2      | Noticed Robin
   839 | D:2      | Killed Robin
   845 | D:2      | Reached XP level 4. HP: 9/42 MP: 3/3
  1257 | D:2      | Noticed Jessica
  1264 | D:2      | Killed Jessica
  1455 | D:2      | Found an iron altar of Okawaru.
  1461 | D:2      | Became a worshipper of Warmaster Okawaru
  1929 | D:3      | Found a hazy altar of Hepliaklqana.
  1935 | D:3      | Reached XP level 5. HP: 49/49 MP: 4/4
  2235 | D:3      | Reached skill level 5 in Throwing
  2347 | D:3      | Reached * piety under Okawaru
  2347 | D:3      | Reached XP level 6. HP: 21/57 MP: 5/5
  2890 | D:4      | Found a shadowy altar of Dithmenos.
  3271 | D:4      | Reached XP level 7. HP: 65/65 MP: 6/6
  3372 | D:4      | Reached ** piety under Okawaru
  3482 | D:4      | Found a stormy altar of Qazlal.
  3693 | D:4      | Found a glowing golden altar of the Shining One.
  3734 | D:5      | Entered Level 5 of the Dungeon
  3742 | D:5      | Reached skill level 5 in Unarmed Combat
  3749 | D:5      | HP: 2/65 [hound (4)]
  3964 | D:5      | Reached XP level 8. HP: 74/74 MP: 7/7
  4280 | D:5      | Found a shimmering blue altar of Sif Muna.
  4445 | D:5      | Found Othant's Armour Shop.
  4448 | D:5      | Bought a +0 kite shield for 45 gold pieces
  4448 | D:5      | Bought a +1 robe of cold resistance for 127 gold pieces
  4497 | D:5      | Noticed Prince Ribbit
  4747 | D:6      | Found a white marble altar of Elyvilon.
  4782 | D:6      | Found an ornate altar of the Wu Jian Council.
  4920 | D:6      | Found Olomeng's Food Boutique.
  4973 | D:6      | Reached *** piety under Okawaru
  5482 | D:7      | Found Gozag's Platinum Reserve.
  5504 | D:7      | Received a gift from Okawaru
  5573 | D:7      | Found an opulent altar of Gozag.
  5658 | D:7      | Found a staircase to the Ecumenical Temple.
  5677 | D:7      | Noticed Pikel
  5682 | D:7      | Killed Pikel
  5682 | D:7      | Reached XP level 9. HP: 80/80 MP: 8/8
  5684 | D:7      | Found a radiant altar of Vehumet.
  5888 | D:7      | Found a snail-covered altar of Cheibriados.
  5888 | D:7      | Found a hide-covered altar of Uskayaw.
  6188 | D:7      | Found an ancient bone altar of Kikubaaqudgha.
  6456 | D:5      | Killed Prince Ribbit
  6456 | D:5      | Reached skill level 1 in Shields
  6724 | D:8      | Reached **** piety under Okawaru
  6845 | D:8      | Found a staircase to the Lair.
  7422 | Lair:1   | Entered Level 1 of the Lair of Beasts
  7446 | Lair:1   | Noticed Gastronok
  7460 | Lair:1   | Noticed a komodo dragon
  7461 | Lair:1   | Killed Gastronok
  7461 | Lair:1   | Reached XP level 10. HP: 26/89 MP: 9/9
  7461 | Lair:1   | Noticed a black mamba
  7468 | Lair:1   | HP: 2/89 [porcupine (5)]
  7469 | Lair:1   | Slain by a komodo dragon

Illustrated notes

Levels and vault maps discovered:
D:1:      erik_arrival_orb_chamber, layout_loops_cross,
          nemelex_xobeh_ov_fountains_minmay
D:2:      layout_basic, okawaru_metal_pillars_1_2, first_ration, st_stairs_6,
          uniq_jessica, uniq_robin
D:3:      layout_loops_ring, old_standard_altar, corexii_leaking_fountain,
          minmay_misc_feat_encased
D:4:      layout_basic, nicolae_qazlal_general_emergency,
          grunt_dithmenos_smoke_and_mirrors, nicolae_tso_carved_into_rock,
          minmay_goblin_kobold_house
D:5:      layout_rooms, lemuel_blue_sif_altar, serial_shops, shop,
          minmay_crystal_room, uniq_prince_ribbit1
D:6:      layout_cave_pools, grunt_temple_overflow_open, serial_shops, shop
D:7:      layout_loops_corners, kennysheep_mini_moat, vehumet_crystals,
          nicolae_gozag_zags_fifth_avenue, gammafunk_temple_overflow_wave,
          minmay_temple_entry_mist, uniq_pikel
D:8:      layout_basic, lair_entry_dummy
Lair:1:   layout_cave_pods, gammafunk_ghost_icy, serial_bayou_pond_a,
          minmay_lair_oklob_chamber, uniq_gastronok

Skill      XL: |  1  2  3  4  5  6  7  8  9 |
---------------+----------------------------+-----
Throwing       | 4 5 6 7 9 |  9.5
Unarmed Combat | 1 2 4 5 8 9 |  9.3
Dodging        | 2 3 4 |  4.9
Fighting       | 2 |  2.8
Shields        | 2 |  2.6
Stealth        | |  0.3
Invocations    | |  0.2

Action                   |  1- 3 |  4- 6 |  7- 9 | 10-12 || total
-------------------------+-------+-------+-------+-------++-------
Melee: Unarmed           |   117 |   156 |   234 |     1 ||   508
       Punch             |       |     1 |     3 |       ||     4
Throw: Large rock        |     3 |       |     7 |       ||    10
       Stone             |    18 |   149 |    64 |       ||   231
       Boomerang         |       |       |    29 |     3 ||    32
       Javelin           |       |       |    41 |       ||    41
Invok: Heroism           |       |       |     3 |     1 ||     4
  Use: Scroll            |     3 |     4 |    16 |       ||    23
       Potion            |       |       |     1 |       ||     1
 Stab: Sleeping          |     1 |     1 |     1 |       ||     3
  Eat: Chunk             |    13 |    22 |    29 |       ||    64
Armor: Robe              |    66 |    59 |    71 |     3 ||   199
Dodge: Dodged            |    92 |    78 |    93 |     1 ||   264
Block: Kite shield       |       |       |    40 |       ||    40
